[Event "Team 45 45 League T64"]
[Site "Internet Chess Club"]
[Date "2015.04.26"]
[Round "8"]
[White "kingphisch"]
[Black "Bizzy-Ketty"]
[Result "1/2-1/2"]
[WhiteElo "1525"]
[BlackElo "1547"]
[Opening "Sicilian: Grand Prix attack"]
[ECO "B23"]
[Time "13:00:30"]
[TimeControl "2700+45"]

1. e4 c5 2. Nc3 Nc6 3. f4 e6 4. Nf3 d5 5. exd5 exd5 6. Bb5 Nf6 7. O-O Bd6 8. d3
O-O 9. Bd2 Re8 10. Re1 Bd7 11. Bxc6 Bxc6 12. Ne5 Qc7 13. Nxc6 bxc6 14. Qf3 Rab8
15. b3 d4 16. Ne4 Nd5 17. Nxd6 Qxd6 18. Re2 Rxe2 19. Qxe2 Nxf4 20. Bxf4 Qxf4 21.
Re1 h6 22. g3 Qd6 23. Qe5 Qxe5 24. Rxe5 Rb5 25. Kf2 a6 26. Kf3 Kh7 27. a4 Ra5
28. Re7 f5 29. Re6 g5 30. Rxc6 Kg7 31. Rc7+ Kg6 32. h3 Kf6 33. Rc6+ Kg7 34. Rc7+
Kg6 35. Rc6+ Kg7 36. Rc7+ Kg6 37. Rc6+ Kg7 38. Rc7+ Kg6 39. Rc6+ Kg7 40. Rc7+
Kg6 41. Rc6+ Kg7 {Game drawn by repetition} 1/2-1/2

[Event "Team 45 45 League T64"]
[Site "Internet Chess Club"]
[Date "2015.04.28"]
[Round "8"]
[White "nilobasenji"]
[Black "deepfort"]
[Result "1/2-1/2"]
[WhiteElo "1816"]
[BlackElo "1496"]
[Opening "Queen's pawn game"]
[ECO "E10"]
[Time "12:01:55"]
[TimeControl "2700+45"]

1. d4 Nf6 2. Nf3 e6 3. c4 Nc6 4. Nc3 d6 5. Bg5 h6 6. Bh4 g5 7. Bg3 Bg7 8. h3 Nh5
9. Bh2 f5 10. d5 Ne7 11. e3 Nf6 12. dxe6 Bxe6 13. Nd4 Bd7 14. Qf3 Qc8 15. Bd3 g4
16. hxg4 fxg4 17. Qd1 Nc6 18. Bg6+ Kd8 19. O-O Nxd4 20. Qxd4 Bf5 21. Bxf5 Qxf5
22. e4 Qe6 23. Rfe1 Nh5 24. Qd5 Qg6 25. Qxb7 Kd7 26. Nb5 Rhc8 27. Nxa7 Rab8 28.
Qc6+ Kd8 29. Nxc8 g3 30. Bxg3 Nxg3 31. Nxd6 cxd6 32. Rad1 Be5 33. Qc5 Ke8 34.
Qc6+ Kd8 {Game drawn by mutual agreement} 1/2-1/2

[Event "Team 45 45 League T64"]
[Site "Internet Chess Club"]
[Date "2015.04.26"]
[Round "8"]
[White "Constrictor"]
[Black "Packerfan"]
[Result "0-1"]
[WhiteElo "1616"]
[BlackElo "1707"]
[Opening "King's Indian, 3.Nf3"]
[ECO "E61"]
[Time "16:00:27"]
[TimeControl "2700+45"]

1. Nf3 Nf6 2. d4 g6 3. c4 Bg7 4. Nc3 O-O 5. Bg5 h6 6. Bh4 d6 7. e4 Nbd7 8. Be2
c5 9. d5 Ng4 10. O-O Nge5 11. Nxe5 Nxe5 12. f4 Nd7 13. g4 a6 14. g5 h5 15. f5
Ne5 16. f6 exf6 17. gxf6 Bh6 18. Bxh5 gxh5 19. Kh1 Bg4 20. Rg1 Kh7 21. Rxg4 Nxg4
22. h3 Ne5 23. Qxh5 Rg8 24. Bf2 Qxf6 {White resigns} 0-1

[Event "Team 45 45 League T64"]
[Site "Internet Chess Club"]
[Date "2015.04.24"]
[Round "8"]
[White "tryanything"]
[Black "elessar"]
[Result "1/2-1/2"]
[WhiteElo "1584"]
[BlackElo "1618"]
[Opening "Queen's bishop game"]
[ECO "D02"]
[Time "18:28:54"]
[TimeControl "2700+45"]

1. d4 d5 2. Nf3 Nf6 3. Bf4 c5 4. c3 Nc6 5. e3 Qb6 6. Qb3 c4 7. Qxb6 axb6 8. Nbd2
b5 9. Be2 b4 10. O-O Bg4 11. h3 Bxf3 12. Bxf3 e6 13. e4 Kd7 14. Rfe1 h6 15. Be5
bxc3 16. bxc3 Ne7 17. Reb1 Kc6 18. exd5+ exd5 19. Nxc4 Nd7 20. Bh2 Nf5 21. Ne5+
Nxe5 22. Bxe5 f6 23. Bh2 Bd6 24. g4 Bxh2+ 25. Kxh2 Nd6 26. Rc1 Ra3 27. Kg2 Nc4
28. Be2 b5 29. Bxc4 bxc4 30. Rc2 Rha8 31. f4 Kd6 32. f5 Re8 33. Kf2 Re4 34. Re1
Rxe1 35. Kxe1 Kc6 36. Kd1 Ra7 37. Ke1 Ra3 38. Kf2 Kd7 39. Kf3 Kd6 40. h4 Ke7 41.
Kf4 Kf7 42. g5 hxg5+ 43. hxg5 g6 44. fxg6+ Kxg6 45. gxf6 Kxf6 46. Ke3 Ke6 47.
Kd2 Kf5 48. Kc1 Ke4 49. Kb2 Ra5 50. Rh2 Kd3 51. Rh3+ Kd2 52. Rh2+ Kd3 53. Rh3+
Kd2 54. Rh2+ Kd3 {Game drawn by repetition} 1/2-1/2

[Event "Team 45 45 League T64"]
[Site "Internet Chess Club"]
[Date "2015.04.25"]
[Round "8"]
[White "Hal2001"]
[Black "PostMike"]
[Result "1-0"]
[WhiteElo "1616"]
[BlackElo "1498"]
[Opening "Sicilian: closed"]
[ECO "B23"]
[Time "08:39:19"]
[TimeControl "2700+45"]

1. e4 c5 2. Nc3 e6 3. f4 d5 4. Nf3 dxe4 5. Nxe4 Nc6 6. g3 Nf6 7. Nxf6+ Qxf6 8.
Bg2 Bd7 9. O-O Bd6 10. d3 O-O 11. c3 Rad8 12. Qe2 Bc8 13. Ng5 Ne7 14. Be3 b6 15.
Ne4 Qg6 16. Nxd6 Rxd6 17. Be4 Qf6 18. Rad1 Ba6 19. g4 Nd5 20. g5 Qe7 21. Bc1
Rfd8 22. f5 exf5 23. Rxf5 g6 24. Rf3 Nc7 25. Qf2 Rf8 26. Rf1 f5 27. gxf6 Qd7 28.
f7+ Kh8 29. Bh6 Bxd3 30. Bxd3 Rxd3 31. Bxf8 {Black resigns} 1-0

[Event "Team 45 45 League T64"]
[Site "Internet Chess Club"]
[Date "2015.04.25"]
[Round "8"]
[White "Leon13"]
[Black "ethan0627"]
[Result "0-1"]
[WhiteElo "1292"]
[BlackElo "1476"]
[Opening "Sicilian: closed, 2...Nc6"]
[ECO "B23"]
[Time "11:44:54"]
[TimeControl "2700+45"]

1. e4 c5 2. Nc3 Nc6 3. Bb5 e6 4. Bxc6 bxc6 5. f4 d5 6. e5 f6 7. Nf3 Be7 8. O-O
Nh6 9. d3 O-O 10. h3 Nf7 11. Nh2 fxe5 12. fxe5 Nxe5 13. Ng4 Rxf1+ 14. Kxf1 Qf8+
15. Kg1 Qf5 16. Nxe5 Qxe5 17. Ne2 Bd7 18. Bf4 Qxb2 19. Rb1 Qxa2 20. Rb7 Rd8 21.
Be5 Qa6 22. Rb3 Be8 23. Qc1 Bf6 24. Bxf6 gxf6 25. Qh6 Qa1+ 26. Kh2 Qe5+ 27. Ng3
Qg5 28. Qxg5+ fxg5 29. Rb7 Rd7 30. Rb8 Re7 31. Nh5 Kf7 32. Ng3 Kf6 33. Nf1 Bh5
34. Ne3 d4 35. Ng4+ Bxg4 36. hxg4 Kg6 37. Rg8+ Rg7 38. Rc8 a5 39. Ra8 Rd7 40.
Rxa5 Rd5 41. Ra6 Rd6 42. Ra5 Rd5 43. Ra6 Re5 44. Rxc6 h5 45. gxh5+ Kxh5 46. Kg3
Re3+ 47. Kf2 Re5 48. Rc8 Kg4 49. Rf8 Rd5 50. Rh8 Rf5+ 51. Kg1 Re5 52. Rh3 Re2
53. Rg3+ {White resigns} 0-1

[Event "Team 45 45 League T64"]
[Site "Internet Chess Club"]
[Date "2015.04.25"]
[Round "8"]
[White "Legomaster"]
[Black "Andaluz"]
[Result "0-1"]
[WhiteElo "1295"]
[BlackElo "1367"]
[Opening "Sicilian"]
[ECO "B54"]
[Time "14:00:38"]
[TimeControl "2700+45"]

1. e4 c5 2. Nf3 d6 3. d4 cxd4 4. Nxd4 g6 5. f3 Bg7 6. Be3 Qb6 7. b3 Qa5+ 8. Qd2
Qxd2+ 9. Nxd2 Nc6 10. Nxc6 Bxa1 11. Nd4 Bd7 12. Bd3 Bc3 13. O-O Nf6 14. Bb5 O-O
15. Bxd7 Nxd7 16. Nc4 a6 17. Ne2 Bg7 18. Nb6 Nxb6 19. Bxb6 Rac8 20. c4 Rc6 21.
Be3 b5 22. cxb5 axb5 23. Nd4 Ra6 24. Rf2 Rfa8 25. a4 bxa4 26. bxa4 Rxa4 27. Nc6
Ra1+ 28. Rf1 Rxf1+ 29. Kxf1 Kf8 30. h4 Ra3 31. Bg5 f6 32. Bf4 e5 33. Bd2 Ra1+
34. Be1 Bh6 35. Kf2 Ra2+ 36. Kg3 Bf4+ 37. Kh3 Ra1 38. Bb4 Rh1+ 39. Kg4 h5#
{White checkmated} 0-1

[Event "Team 45 45 League T64"]
[Site "Internet Chess Club"]
[Date "2015.04.25"]
[Round "8"]
[White "Kandor"]
[Black "Uku"]
[Result "1-0"]
[WhiteElo "1332"]
[BlackElo "1416"]
[Opening "Giuoco Piano"]
[ECO "C53"]
[Time "11:00:52"]
[TimeControl "2700+45"]

1. e4 e5 2. Nf3 Nc6 3. Bc4 Bc5 4. c3 d6 5. d4 Bb6 6. O-O Nf6 7. Re1 O-O 8. Qe2
h6 9. Rd1 exd4 10. cxd4 Nxd4 11. Nxd4 Bxd4 12. Rxd4 c5 13. Rd1 Bg4 14. f3 Bh5
15. Nc3 a6 16. e5 Qe7 17. exf6 Qxf6 18. Nd5 Qf5 19. Ne7+ Kh8 20. Nxf5 b5 21. Bd5
Rae8 22. Qd3 Bg6 23. g4 Re5 24. f4 Ree8 25. Qc3 h5 26. Qxg7# {Black checkmated}
1-0

[Event "Team 45 45 League T64"]
[Site "Internet Chess Club"]
[Date "2015.04.27"]
[Round "8"]
[White "princevultan2"]
[Black "rgadoury"]
[Result "1/2-1/2"]
[WhiteElo "1165"]
[BlackElo "1458"]
[Opening "Sicilian: Smith-Morra gambit"]
[ECO "B21"]
[Time "20:30:09"]
[TimeControl "2700+45"]

1. e4 c5 2. d4 cxd4 3. Qxd4 Nc6 4. Qd1 e5 5. Nc3 Nf6 6. Nf3 Bc5 7. Bb5 O-O 8.
Bd2 a6 9. Ba4 d6 10. O-O Bg4 11. h3 Bh5 12. Bg5 Nd4 13. a3 Nxf3+ 14. gxf3 h6 15.
Bh4 b5 16. Bb3 Qd7 17. Kh2 Kh8 18. Nd5 Nxd5 19. Bxd5 Rab8 20. Rg1 f5 21. Rg2 f4
22. Qe2 g5 23. Bxg5 hxg5 24. Rxg5 Bf7 25. Rag1 Qe7 26. b4 Bb6 27. Qf1 Rg8 28.
Rf5 Rxg1 29. Qxg1 Rg8 30. Qf1 Rg7 31. Qd3 Bxf2 32. Qb3 Bg3+ 33. Kh1 Rh7 34. Rxf7
Rxf7 35. Bxf7 Kg7 36. Bd5 Qa7 37. Qb1 Qf2 38. Qg1 Qxf3+ 39. Qg2 Qd1+ 40. Qg1
Qxc2 41. Qg2 Qd1+ 42. Qg1 Qf3+ 43. Qg2 Qd1+ 44. Qg1 Qf3+ 45. Qg2 Qd1+ 46. Qg1
Qf3+ {Game drawn by repetition} 1/2-1/2

[Event "Team 45 45 League T64"]
[Site "Internet Chess Club"]
[Date "2015.04.27"]
[Round "8"]
[White "Zkid"]
[Black "justinchess"]
[Result "0-1"]
[WhiteElo "2289"]
[BlackElo "2422"]
[Opening "Sicilian: dragon, 6.Be3"]
[ECO "B72"]
[Time "16:07:43"]
[TimeControl "2700+45"]

1. e4 c5 2. Nf3 d6 3. d4 cxd4 4. Nxd4 Nf6 5. Nc3 g6 6. Be3 a6 7. f3 b5 8. a4 b4
9. Na2 e5 10. Nb3 d5 11. Bg5 Nbd7 12. exd5 Bb7 13. Qd2 Bxd5 14. Qxd5 Nxd5 15.
Bxd8 Kxd8 16. O-O-O Bh6+ 17. Kb1 Ne3 18. Rd6 Kc7 19. Rxa6 Nxf1 20. Rxa8 Rxa8 21.
Rxf1 Rxa4 22. Nbc1 f5 23. b3 Ra6 24. Nd3 Rd6 25. Re1 Rd4 26. Re2 Bf8 27. Nb2 e4
28. fxe4 Rxe4 29. Rxe4 fxe4 30. c3 Kc6 31. Kc2 bxc3 32. Nxc3 Nf6 33. Nc4 Kc5 34.
h3 Bh6 35. g4 Bf4 36. Ne2 g5 37. Nd2 h6 38. Nc3 Kd4 39. Nc4 e3 40. Na5 Nd5 41.
Ne2+ Ke4 42. Nc6 Bd6 43. Kd1 Nf4 44. Ncd4 Nxh3 45. Nf5 Bf8 46. Ke1 Nf2 47. Nc3+
Kd3 48. Ne2 Nxg4 49. Nfg3 Bb4+ 50. Kf1 h5 51. Nc1+ Kd2 52. Nce2 Nh2+ 53. Kg2 h4
{White resigns} 0-1

[Event "Team 45 45 League T64"]
[Site "Internet Chess Club"]
[Date "2015.04.23"]
[Round "8"]
[White "Puffy"]
[Black "SuperJEM"]
[Result "0-1"]
[WhiteElo "2152"]
[BlackElo "2179"]
[Opening "Pirc defense"]
[ECO "B07"]
[Time "18:30:36"]
[TimeControl "2700+45"]

1. e4 d6 2. d4 Nf6 3. f3 e5 4. d5 g6 5. c4 Bg7 6. Be3 Nh5 7. g4 Nf4 8. h4 h5 9.
g5 f6 10. Nh3 Bxh3 11. Bxh3 fxg5 12. Qa4+ Kf8 13. Nc3 g4 14. Bf1 g3 15. Bxf4
exf4 16. O-O-O Nd7 17. Ne2 Be5 18. Bh3 Rh7 19. Bxd7 Qxd7 20. Qb3 b6 21. Nd4 Bxd4
22. Rxd4 Rf7 23. e5 dxe5 24. Re4 Qd6 25. Rhe1 Re8 26. Qc3 Qf6 27. Rxe5 Rxe5 28.
Qxe5 Qxe5 29. Rxe5 Re7 30. Rg5 Kf7 31. b4 Kf6 32. c5 bxc5 33. bxc5 Re5 34. d6
Rxg5 35. hxg5+ Ke6 36. dxc7 Kd7 {White resigns} 0-1

[Event "Team 45 45 League T64"]
[Site "Internet Chess Club"]
[Date "2015.04.26"]
[Round "8"]
[White "Bubacik"]
[Black "searchforbobby1"]
[Result "1-0"]
[WhiteElo "2204"]
[BlackElo "2071"]
[Opening "Queen's pawn"]
[ECO "A40"]
[Time "15:11:19"]
[TimeControl "2700+45"]

1. d4 e6 2. Nf3 f5 3. Nc3 d5 4. Bg5 Nf6 5. e3 a6 6. Bd3 Be7 7. O-O O-O 8. Ne2 c5
9. dxc5 Nc6 10. c4 Bxc5 11. cxd5 Qxd5 12. Rc1 Ba7 13. Bc4 Qxd1 14. Rfxd1 Kh8 15.
Nf4 Re8 16. Bb3 Na5 17. Bxf6 Nxb3 18. Bxg7+ Kxg7 19. axb3 Bb6 20. Rd6 Bd8 21.
Rcd1 Be7 22. Nxe6+ Kf6 23. Nc7+ Bxd6 24. Nxe8+ {Black resigns} 1-0

[Event "Team 45 45 League T64"]
[Site "Internet Chess Club"]
[Date "2015.04.25"]
[Round "8"]
[White "Monterrey"]
[Black "nitishdas"]
[Result "1/2-1/2"]
[WhiteElo "2028"]
[BlackElo "2096"]
[Opening "Trompowsky attack (Ruth, Opocenský opening)"]
[ECO "A45"]
[Time "11:30:17"]
[TimeControl "2700+45"]

1. d4 Nf6 2. Bg5 Ne4 3. Bf4 d5 4. e3 Bf5 5. f3 Nf6 6. c4 e6 7. Nc3 Bb4 8. Qb3
Nc6 9. g4 Nxg4 10. cxd5 exd5 11. Bb5 O-O 12. Ne2 Bxc3+ 13. Nxc3 Nf6 14. O-O-O
Na5 15. Qa4 c6 16. Bd3 b5 17. Qc2 Bxd3 18. Qxd3 b4 19. Ne2 c5 20. dxc5 Rc8 21.
Rhg1 Rxc5+ 22. Kb1 g6 23. Bg5 Qb6 24. Nf4 Rfc8 25. Qd4 b3 26. a3 R5c6 27. Bxf6
Rxf6 28. Nxd5 Qxd4 29. Rxd4 Re6 30. Rc1 Rxc1+ 31. Kxc1 Rc6+ {Game drawn by
mutual agreement} 1/2-1/2

[Event "Team 45 45 League T64"]
[Site "Internet Chess Club"]
[Date "2015.04.23"]
[Round "8"]
[White "QuieroAprender"]
[Black "unclevinny"]
[Result "1-0"]
[WhiteElo "1636"]
[BlackElo "1616"]
[Opening "Ponziani opening"]
[ECO "C44"]
[Time "22:30:15"]
[TimeControl "2700+45"]

1. e4 e5 2. Nf3 Nc6 3. c3 d6 4. b4 a6 5. Qb3 Nf6 6. Bc4 Qe7 7. Ng5 Nd8 8. d3 b5
9. Bd5 c6 10. Nxf7 cxd5 11. Nxh8 Be6 12. Qc2 dxe4 13. dxe4 Qb7 14. f3 Nc6 15.
O-O Be7 16. f4 Rc8 17. f5 Bc4 18. Re1 Kd7 19. Ng6 hxg6 20. fxg6 Ng4 21. Be3 Nxe3
22. Rxe3 Qa7 23. Qf2 Rf8 24. Rf3 Qxf2+ 25. Kxf2 Rxf3+ 26. gxf3 Bg5 27. Na3 Bd2
28. Nxc4 bxc4 29. b5 axb5 30. Rb1 Na7 31. a4 Kc6 32. axb5+ Nxb5 33. h4 Bh6 34.
Ra1 Nxc3 35. Ra8 Nb5 36. Ke2 Kc5 37. Rh8 Nd4+ 38. Kd1 Ne6 39. Kc2 Be3 40. Kc3
Bd4+ 41. Kc2 c3 42. h5 Kc4 43. h6 gxh6 44. Rxh6 d5 45. Rh7 dxe4 46. fxe4 Kc5 47.
g7 Nxg7 48. Rxg7 Kd6 49. Rg6+ Ke7 50. Rg7+ Kf6 51. Rg8 Kf7 52. Rh8 Kg6 53. Rc8
Kg5 54. Rf8 Kg4 55. Kd3 Kg3 56. Rd8 Kf4 57. Rf8+ Kg4 58. Ke2 c2 59. Kd2 Be3+ 60.
Kxc2 Bf4 61. Kd3 Kf3 62. Rg8 Kf2 63. Kc4 Ke3 64. Kd5 Kf3 65. Re8 Kg4 66. Rxe5
Bd2 67. Rf5 Bb4 68. Rf1 {Black resigns} 1-0

[Event "Team 45 45 League T64"]
[Site "Internet Chess Club"]
[Date "2015.04.26"]
[Round "8"]
[White "Visin"]
[Black "JOFRAN"]
[Result "1/2-1/2"]
[WhiteElo "1254"]
[BlackElo "1390"]
[Opening "Caro-Kann defense"]
[ECO "B10"]
[Time "11:25:06"]
[TimeControl "2700+45"]

1. e4 c6 2. Nf3 d5 3. e5 Bf5 4. d4 e6 5. Be2 c5 6. b3 Nc6 7. c3 Rc8 8. Bb2 Qa5
9. O-O h6 10. Nbd2 Nge7 11. a3 cxd4 12. cxd4 Ng6 13. Rc1 Be7 14. b4 Qb6 15. b5
O-O 16. Bc3 Bxa3 17. Ra1 Bb4 18. Bxb4 Nxb4 19. Rc1 Nf4 20. Nb3 Rxc1 21. Nxc1 Rc8
22. Qb3 Rxc1 23. Rxc1 Nxe2+ 24. Kh1 Nxc1 25. Qxb4 Nd3 26. Qd6 Qxb5 27. h3 Nxf2+
{Game drawn by mutual agreement} 1/2-1/2

[Event "Team 45 45 League T64"]
[Site "Internet Chess Club"]
[Date "2015.04.26"]
[Round "8"]
[White "drsigmund1"]
[Black "MateIn42"]
[Result "1/2-1/2"]
[WhiteElo "1536"]
[BlackElo "1393"]
[Opening "Queen's Indian defense"]
[ECO "A47"]
[Time "16:03:30"]
[TimeControl "2700+45"]

1. d4 Nf6 2. Nf3 b6 3. Bf4 Bb7 4. e3 e6 5. Bd3 Nc6 6. O-O Nb4 7. Be2 Be7 8. c3
Nbd5 9. Bg5 h6 10. Bh4 c5 11. Nbd2 g5 12. Bg3 Rc8 13. Ne5 d6 14. Bb5+ Kf8 15.
Nd3 a6 16. Ba4 b5 17. Bc2 cxd4 18. exd4 Rc6 {Game drawn by mutual agreement}
1/2-1/2

[Event "Team 45 45 League T64"]
[Site "Internet Chess Club"]
[Date "2015.04.26"]
[Round "8"]
[White "varavind"]
[Black "Leon13"]
[Result "0-1"]
[WhiteElo "1270"]
[BlackElo "1308"]
[Opening "Philidor's defense"]
[ECO "C41"]
[Time "11:13:49"]
[TimeControl "2700+45"]

1. e4 e5 2. Nf3 d6 3. d4 Bg4 4. dxe5 Bxf3 5. Qxf3 dxe5 6. Bc4 Nf6 7. Bg5 Be7 8.
O-O Nbd7 9. Nc3 c6 10. Rad1 Qc7 11. Rd2 O-O 12. Qh3 Rad8 13. f4 exf4 14. Bxf4
Qb6+ 15. Kh1 Qxb2 16. Rfd1 Nc5 17. Bg5 Rxd2 18. Rxd2 Qc1+ 19. Nd1 Ncxe4 20. Bxf6
Qxd2 21. Qd3 Qe1+ 22. Qf1 Qxf1+ 23. Bxf1 Bxf6 24. Ne3 {White resigns} 0-1

[Event "Team 45 45 League T64"]
[Site "Internet Chess Club"]
[Date "2015.04.25"]
[Round "8"]
[White "tryanything"]
[Black "parrot9"]
[Result "1/2-1/2"]
[WhiteElo "1588"]
[BlackElo "1676"]
[Opening "QGD semi-Slav: 5...Nd7"]
[ECO "D45"]
[Time "05:40:52"]
[TimeControl "2700+45"]

1. d4 d5 2. Nf3 Nf6 3. c4 e6 4. e3 c6 5. Nc3 Nbd7 6. cxd5 cxd5 7. Bd3 Be7 8. O-O
O-O 9. Bd2 a6 10. a3 b5 11. b4 Bb7 12. Qb3 Ne4 13. Be1 Rc8 14. Rc1 f5 15. Nd2
Ndf6 16. f3 Nxc3 17. Rxc3 Rxc3 18. Qxc3 Bd6 19. Bf2 Qe8 20. f4 Ne4 21. Nxe4 dxe4
22. Be2 Qg6 23. Rc1 Qh6 24. h4 Qf6 25. Qe1 h6 26. h5 Kh7 27. Bh4 Qf7 28. Qg3 Rg8
29. Qh3 Qd7 30. Qg3 Qf7 31. Kh1 Bd5 32. Qf2 Qd7 33. g4 Rc8 34. Qe1 Bc4 35. Bxc4
Rxc4 36. g5 Qc6 37. g6+ Kg8 38. Rxc4 bxc4 39. Qc3 Qc7 40. a4 Qc6 41. Kg2 Bf8 42.
Bd8 Bd6 43. a5 Qb5 44. Bb6 Bxb4 45. Qc2 c3 46. Kf2 Bxa5 47. Bxa5 Qxa5 48. Qb3
Qc7 49. Qxe6+ Kf8 50. Qxf5+ Ke8 51. Qxe4+ Kd7 52. Qd5+ Kc8 53. Qa8+ Kd7 54. Qd5+
Kc8 55. Qa8+ Kd7 56. Qd5+ {Game drawn by repetition} 1/2-1/2

[Event "Team 45 45 League T64"]
[Site "Internet Chess Club"]
[Date "2015.04.25"]
[Round "8"]
[White "ShadowKing"]
[Black "BrerRabbit"]
[Result "0-1"]
[WhiteElo "1362"]
[BlackElo "1462"]
[Opening "Réti: Wade defense"]
[ECO "B07"]
[Time "19:01:28"]
[TimeControl "2700+45"]

1. e4 d6 2. Nf3 Bg4 3. Be2 Nf6 4. d3 e6 5. Nbd2 Be7 6. h3 Bh5 7. O-O O-O 8. Re1
c6 9. e5 dxe5 10. Nxe5 Bxe2 11. Qxe2 Nbd7 12. Ndf3 Nxe5 13. Nxe5 Qc7 14. b3 Bb4
15. Bd2 Nd5 16. Red1 Nc3 17. Bxc3 Bxc3 18. Rab1 Qxe5 19. Qxe5 Bxe5 20. d4 Bf6
21. c3 Rfd8 22. g3 Rd7 23. Rd3 c5 24. Rbd1 Rad8 25. Kf1 cxd4 26. Ke2 Rd5 27. c4
R5d7 28. c5 Rd5 29. b4 Kf8 30. f4 Ke8 31. Kf3 Ra8 32. g4 g6 33. g5 Bg7 34. Ke4
Rc8 35. Rc1 Rc6 36. Rc2 Kd8 37. Rc4 Kc8 38. Rc2 b6 39. a4 bxc5 40. b5 Rc7 41. a5
c4 42. Rdd2 c3 43. Rd3 Rxb5 44. Rxd4 Bxd4 45. Kxd4 Rxa5 46. Rxc3 Rxc3 47. Kxc3
Rb5 48. Kc4 Rb7 49. Kc5 a5 {White resigns} 0-1

[Event "Team 45 45 League T64"]
[Site "Internet Chess Club"]
[Date "2015.04.25"]
[Round "8"]
[White "PsyMar"]
[Black "mkoga"]
[Result "1-0"]
[WhiteElo "1280"]
[BlackElo "1418"]
[Opening "Scotch game"]
[ECO "C45"]
[Time "12:00:10"]
[TimeControl "2700+45"]

1. e4 e5 2. Nf3 Nc6 3. d4 exd4 4. Nxd4 d5 5. exd5 Qxd5 6. Be3 Bc5 7. Nc3 Qd8 8.
Ndb5 Bd6 9. Bc4 Be6 10. Bxe6 fxe6 11. Nxd6+ Qxd6 12. Qxd6 cxd6 13. Nb5 Kd7 14.
O-O-O d5 15. Rhe1 a6 16. Nd4 Nxd4 17. Bxd4 Nf6 18. f3 Rhf8 19. Kd2 Rac8 20. Rc1
g5 21. Kd3 Ne8 22. Re5 h6 23. Rce1 Rf6 24. R5e2 Rg6 25. g4 Nd6 26. b3 b5 27. Bb2
a5 28. a4 bxa4 29. bxa4 Rc4 30. Ra1 Rf4 31. Rf2 Nc4 32. Bc3 e5 33. Re1 e4+ 34.
Ke2 e3 35. Rff1 d4 36. Rd1 Rd6 37. Ba1 Kc6 38. Rd3 Kc5 39. Rb1 Rd5 40. c3 Ne5
41. Rb5+ Kc4 42. Rxd4+ Rfxd4 43. cxd4 Nc6 44. Rxd5 Kxd5 45. Kxe3 Nb4 46. Bc3 Kc4
47. Kd2 Nd5 48. Bxa5 Kb3 49. Bd8 Kxa4 50. h4 Kb3 51. Kd3 Nf4+ 52. Ke4 Kc4 53.
hxg5 hxg5 54. Bxg5 Ne6 55. Bf6 Nc7 56. g5 Ne8 57. Ke5 Kd3 58. Ke6 Ke3 59. d5
Kxf3 60. d6 Nxd6 61. Kxd6 Kg4 62. g6 Kf5 63. g7 Kxf6 64. g8=Q {Black resigns}
1-0